 Dungeon Crawl Stone Soup version 0.31.0-11-ge490571c62 (webtiles) character file.

Game seed: 17363710099222032229

32 qw the Shooter (level 3, 0/20 HPs)
             Began as a Deep Elf Hunter on Feb 4, 2024.
             Slain by a goblin
             ... wielding a +0 club
             ... led by Robin
              (1 damage)
             ... on level 2 of the Dungeon.
             The game lasted 00:00:03 (1088 turns).

qw the Shooter (Deep Elf Hunter)                    Turns: 1088, Time: 00:00:03

Health: 0/20       AC:  3    Str: 10    XL:     3   Next: 10%
Magic:  5/5        EV: 12    Int: 13    God:
Gold:   65         SH:  0    Dex: 18    Spells: 2/2 levels left

rFire   . . .        a - +0 shortbow
rCold   . . .        (shield currently unavailable)
rNeg    . . .        c - +0 leather armour
rPois   .            (no helmet)
rElec   .            (no cloak)
rCorr   .            (no gloves)
SInv    .            (no boots)
Will    .....        f - amulet of faith
Stlth   ++           (no ring)
HPRegen 0.23/turn    (no ring)
MPRegen 0.09/turn

%: faith
@: no status effects
A: no striking features
a: no special abilities


You were on level 2 of the Dungeon.
You visited 1 branch of the dungeon, and saw 2 of its levels.

You collected 65 gold pieces.


   Skills:
 - Level 1.5 Fighting
 + Level 6.7 Ranged Weapons
 - Level 2.4 Dodging
 - Level 1.2 Stealth


You had 2 spell levels left.
You didn't know any spells.
Your spell library was empty.

Inventory:

Hand Weapons
 a - a +0 shortbow (weapon)
Armour
 c - a +0 leather armour (worn)
Jewellery
 f - an amulet of faith (around neck)
 i - an amulet of regeneration
Scrolls
 h - a scroll of enchant armour
Potions
 g - a potion of curing {unknown}

Dungeon Overview and Level Annotations

Branches:
Dungeon (2/15)

Altars:
Zin

Annotations:
D:2 Robin, Terence


Message History

You open the door.
There is an open door here.
Terence, a hobgoblin and 4 goblins come into view.
Terence shouts!
The goblin shouts!
The hobgoblin shouts!
You hear a shout!
The goblin shouts!
The goblin moves out of view.
You hear a shout! x3
You shoot an arrow. The arrow closely misses Terence.
A goblin comes into view. It is wielding a +0 club.
A hobgoblin comes into view.
You shoot an arrow. The arrow hits Terence!
Terence is moderately wounded.
You hear a shout!
A goblin comes into view. It is wielding a +0 club.
You hear a shout! x2
You shoot an arrow. The arrow hits Terence.
Terence is moderately wounded.
The goblin hits you but does no damage. Terence hits you with a +0 mace.
Robin of the Strong Arm comes into view.
They are wielding a +0 short sword.
You shoot an arrow. The arrow hits Terence.
Terence is heavily wounded.
A goblin comes into view. It is wielding a +0 dagger.
Terence hits you with a +0 mace!
Robin roars a battlecry!
The goblins go into a battle-frenzy!
You shoot an arrow. The arrow hits Terence.
Terence is severely wounded.
The goblin hits you with a +0 club. The goblin barely misses you.
Terence barely misses you.
You shoot an arrow. The arrow hits Terence.
Terence is severely wounded.
The goblin hits you with a +0 club.
A goblin comes into view. It is wielding a +0 dagger.
Terence shouts, "Now you die!" Terence closely misses you.
The goblin hits you but does no damage.
You shoot an arrow. The arrow hits Terence.
Terence is almost dead.
The goblin closely misses you. Terence misses you.
The goblin barely misses you. The goblin hits you with a +0 club.
You die...

#####.###..........##
#.....##.......#
##########.##### #.#
#.# #.# #.# #.# #@#


#@gggggg.# ...ggg###.# #.#....# ........# ###.#..### .#..# # #... You could see
Terence, Robin, a hobgoblin (strong) and 7 goblins.

Vanquished Creatures
  2 endoplasms (D:2)
  A giant cockroach (D:1)
  3 goblins
  3 hobgoblins
  4 jackals (D:1)
  5 kobolds (D:1)
  A quokka (D:1)
  A ball python (D:1)
  5 bats
  4 rats
29 creatures vanquished.

Notes
Turn   | Place    | Note
-------+----------+-------------------------------------------
     0 | D:1      | qw the Deep Elf Hunter began the quest for the Orb.
     0 | D:1      | Reached XP level 1. HP: 12/12 MP: 3/3
     0 | D:1      | 0 ||| qw: Version: 0.3-a-160-g6735b56
     0 | D:1      | 0 ||| qw: Game counter: 5511
     0 | D:1      | 0 ||| qw: Melee chars always use a shield: true
     0 | D:1      | 0 ||| qw: God list: Okawaru
     0 | D:1      | 0 ||| qw: Allow faded altars: false
     0 | D:1      | 0 ||| qw: Do Orc after clearing Dungeon:15 true
     0 | D:1      | 0 ||| qw: Do second Lair branch before Depths: true
     0 | D:1      | 0 ||| qw: Lair rune preference: random
     0 | D:1      | 0 ||| qw: Goals: Normal
     0 | D:1      | 0 ||| PLANNING D:1-11
   301 | D:1      | Reached XP level 2. HP: 16/16 MP: 4/4
   439 | D:1      | Reached skill level 6 in Ranged Weapons
   727 | D:1      | 727 ||| UPGRADING to amulet of faith.
   732 | D:1      | 732 ||| READING scroll labelled PEEBUT DIEVUUW.
   733 | D:1      | 733 ||| READING scroll labelled NOUDUTAEHU.
   834 | D:1      | 834 ||| READING 2 scrolls labelled XAN CIEKOARHUE.
   834 | D:1      | 834 ||| ENCHANTING +0 shortbow.
   835 | D:1      | 835 ||| DROPPING scroll of butterflies.
   949 | D:2      | Found a glowing silver altar of Zin.
   982 | D:2      | Reached XP level 3. HP: 20/20 MP: 5/5
  1081 | D:2      | Noticed Terence
  1084 | D:2      | Noticed Robin
  1087 | D:2      | HP: 1/20 [goblin/+0 club[Robin] (5)]
  1088 | D:2      | Slain by a goblin

Levels and vault maps discovered:
D:1:      lemuel_arrival_tunnels, layout_basic
D:2:      layout_loops_corners, basic_altar, minmay_misc_feat_tiny,
          skrybe_limestone_x, uniq_terence, uniq_robin

Skill      XL: |  1  2 |
---------------+-------+-----
Ranged Weapons | 6 |  6.7
Fighting       | |  1.5
Dodging        | |  2.4
Stealth        | |  1.2

Action                     || total
---------------------------++-------
   Fire: Shortbow          ||    85
    Use: Scroll            ||     3
 Armour: Leather armour    ||    28
  Dodge: Dodged            ||    31

Table legend:
 A = Non-vault XP
 B = Vault XP
 C = Vault XP percentage of total XP
 D = Non-vault monster count
 E = Vault monster count
 F = Vault count percentage of total count
                 A         B        C        D         E       F
            +---------+---------+-------+---------+---------+-------
      Total |      47 |       0 |   0.0 |      29 |       0 |   0.0
            +---------+---------+-------+---------+---------+-------
        D:1 |      32 |       0 |   0.0 |      20 |       0 |   0.0
        D:2 |      15 |       0 |   0.0 |       9 |       0 |   0.0
            +---------+---------+-------+---------+---------+-------
